Map: Abyssal Reef LE

Players

Serral

  • Race: Zerg Zerg
  • League: Master
  • Spawn Location: 11:00

liquidthermy (uThermal) - Winner!

  • Race: Terran Terran
  • League: Master
  • Spawn Location: 5:00

Event: HomeStory Cup XV

VOD

Have the link to the VOD?

Description

Time

  • Played on: July 23, 2017, 10:21 a.m.
  • Length: 22:19

All games in this series

Show
View Real Time Build Order
Export as new Build Order

Serral Zerg 

Build Orders: Pool First 

Get SALT Encoding   

  12  0:00  Drone  
  13  0:13  Overlord  
  13  0:17  Drone  
  14  0:31  Drone  
  14  0:32  Drone  
  14  0:35  Drone  
  17  0:45  Extractor  
  17  0:49  Spawning Pool  
  15  0:50  Drone  
  15  0:56  Drone  
  17  1:07  Drone  
  18  1:23  Drone  
  19  1:28  Hatchery  
  18  1:35  Queen  
  18  1:38  Zergling x2  
  21  1:45  Metabolic Boost  
  21  1:51  Overlord  
  21  1:56  Drone  
  22  2:10  Queen  
  22  2:11  Drone  
  22  2:12  Drone  
  26  2:23  Drone  
  27  2:36  Zergling x2  
  28  2:41  Queen  
  28  2:42  Zergling x4  
  28  2:43  Zergling x4  
  34  2:53  Overlord  
  34  2:54  Evolution Chamber  
  33  3:02  Zergling x6  
  36  3:12  Drone  
  37  3:18  Queen  
  39  3:20  Zerg Ground Armor Level 1  
  39  3:24  Zergling x4  
  39  3:26  Drone  
  42  3:33  Drone, Overlord  
  43  3:37  Drone  
  44  3:43  Overlord  
  44  3:57  Hatchery  
  44  3:59  Drone  
  44  4:01  Drone  
  45  4:05  Drone  
  45  4:07  Drone  
  45  4:09  Drone  
  48  4:13  Drone x2  
  50  4:17  Overlord  
  50  4:19  Drone  
  51  4:26  Zergling x2  
  51  4:27  Zergling x4  
  51  4:28  Drone  
  56  4:31  Drone  
  56  4:34  Queen  
  56  4:39  Zergling x4  
  56  4:42  Overlord  
  56  4:45  Drone  
  59  4:50  Zergling x2  
  60  4:53  Zergling x2  
  60  4:59  Zergling x2  
  62  5:05  Zergling x6  
  65  5:10  Zergling x4  
  65  5:11  Queen  
  69  5:16  Zerg Melee Weapons Level 1, Overlord  
  69  5:19  Drone x2  
  71  5:28  Baneling Nest  
  70  5:29  Extractor  
  70  5:30  Zergling x6  
  72  5:38  Drone  
  72  5:41  Overlord  
  72  5:42  Overlord  
  73  5:50  Drone  
  73  5:54  Zergling x16  
  82  6:05  Drone  
  82  6:06  Lair, Drone x2  
  82  6:08  Drone  
  86  6:14  Zergling x6  
  86  6:15  Zergling x2  
  86  6:16  Overlord  
  86  6:17  Baneling x2  
  86  6:18  Baneling x3, Drone  
  90  6:19  Drone  
  90  6:21  Drone x2  
  72  6:35  Zergling x12  
  64  6:42  Zergling x12  
  68  6:47  Queen x2  
  69  6:58  Zergling x8  
  69  6:59  Zergling x2  
  68  7:06  Zergling x12  
  66  7:13  Centrifical Hooks  
  64  7:16  Zergling x10  
  64  7:20  Queen  
  71  7:27  Zerg Ground Armor Level 2  
  71  7:29  Drone  
  72  7:32  Overlord  
  72  7:35  Drone x2  
  74  7:39  Overlord  
  74  7:40  Drone x3  
  74  7:41  Drone  
  74  7:42  Overlord  
  78  7:44  Drone x2  
  79  7:53  Overlord  
  79  7:54  Drone x3  
  79  7:55  Drone  
  83  8:01  Overseer, Extractor  
  83  8:02  Overlord  
  83  8:05  Overlord  
  82  8:06  Extractor, Overlord  
  82  8:07  Drone x2  
  82  8:09  Drone x2  
  85  8:14  Baneling x7  
  85  8:18  Drone x3  
  88  8:20  Drone  
  88  8:26  Extractor  
  88  8:27  Extractor  
  88  8:29  Overlord  
  88  8:33  Drone x7  
  94  8:39  Drone x5  
  97  8:43  Zergling x2  
  97  8:46  Zergling x2  
  99  8:55  Zergling x2  
  99  8:56  Zergling x4  
  99  8:57  Hatchery  
  101  9:05  Overlord  
  101  9:07  Baneling x2  
  101  9:08  Baneling x4  
  101  9:10  Zergling x6  
  101  9:14  Overlord  
  101  9:15  Zergling x10  
  101  9:16  Zergling x6  
  112  9:25  Evolution Chamber  
  107  9:36  Drone x3  
  107  9:37  Drone  
  110  9:43  Zerg Missile Weapons Level 1  
  110  9:46  Hydralisk Den  
  110  9:52  Zerg Melee Weapons Level 2  
  109  9:54  Zergling x6  
  109  9:55  Zergling x16  
  109  9:57  Baneling x8  
  119  10:13  Queen  
  119  10:14  Drone x4  
  120  10:15  Overlord  
  120  10:16  Baneling x4  
  120  10:17  Baneling  
  120  10:18  Hydralisk x3  
  120  10:19  Muscular Augments  
  128  10:25  Hydralisk x3  
  134  10:30  Hydralisk x2  
  134  10:31  Hydralisk  
  140  10:38  Hydralisk x3  
  145  10:43  Overlord  
  145  10:53  Zergling x10  
  145  10:54  Zergling x16  
  158  11:02  Overlord  
  158  11:06  Hydralisk  
  158  11:07  Hydralisk x4  
  168  11:18  Overlord  
  168  11:19  Infestation Pit  
  168  11:22  Zergling x20  
  173  11:28  Baneling  
  173  11:29  Baneling x17  
  173  11:32  Zergling x2  
  173  11:33  Zergling x10  
  174  11:40  Drone x5  
  174  11:41  Spore Crawler  
  174  11:43  Drone x3  
  170  11:47  Baneling x4  
  170  11:48  Baneling x2  
  170  11:50  Drone x3  
  170  11:52  Zergling x2  
  170  11:53  Zergling x2  
  168  12:03  Zergling x14  
  167  12:18  Baneling x16  
  167  12:22  Zergling x16  
  175  12:23  Zergling x6  
  129  12:39  Zergling x2  
  129  12:40  Zergling x24  
  125  12:45  Baneling x6  
  125  12:46  Baneling x7  
  125  12:51  Zergling x6  
  123  12:56  Zergling x4  
  98  13:09  Zergling x6  
  94  13:14  Baneling x4  
  94  13:20  Zergling x4  
  94  13:25  Zergling x2  
  94  13:26  Zergling x2  
  98  13:31  Zergling x4  
  100  13:37  Zergling x8  
  103  13:45  Baneling x8  
  103  13:46  Baneling x2  
  101  13:52  Zergling x6  
  92  14:13  Zergling x2  
  92  14:14  Zergling x16  
  100  14:29  Zergling x6  
  103  14:35  Hatchery  
  103  14:38  Zergling x4  
  103  14:44  Zergling x2  
  103  14:45  Zergling x4  
  100  14:49  Zergling x6  
  101  15:00  Zergling x6  
  104  15:12  Hatchery  
  100  15:16  Hydralisk x3  
  105  15:25  Hatchery  
  105  15:26  Zergling x10  
  109  15:35  Zergling x2  
  109  15:36  Zergling x8  
  114  15:50  Zergling x14  
  120  16:07  Hydralisk  
  120  16:08  Hydralisk x4  
  124  16:25  Drone  
  124  16:26  Drone x4  
  124  16:29  Drone x4  
  133  16:34  Hydralisk x2  
  133  16:35  Zergling x12  
  143  16:42  Spawning Pool  
  137  16:57  Hydralisk x5  
  137  17:14  Hive  
  137  17:17  Hydralisk x4  
  137  17:22  Overseer  
  141  17:29  Drone x2  
  144  17:30  Zergling x2, Drone  
  144  17:31  Zergling x16  
  144  17:35  Baneling x2  
  153  17:37  Baneling x8  
  141  17:52  Zergling x12  
  140  17:58  Drone x2  
  134  18:12  Baneling x2  
  130  18:14  Zergling x14  
  133  18:23  Zergling x2  
  133  18:24  Zergling x8  
  136  18:38  Zergling x14  
  141  18:50  Zergling x12  
  141  19:11  Baneling x3  
  141  19:12  Zergling x8  
  141  19:13  Zergling x16  
  149  19:26  Zergling x14  
  149  19:28  Baneling x2  
  132  19:39  Zergling x10  
  137  19:51  Zergling x8  
  141  19:56  Baneling x4  
  141  19:57  Baneling  
  141  20:12  Baneling x3  
  141  20:13  Hatchery  
  140  20:21  Baneling x10  
  137  20:32  Zergling x12  
  141  20:42  Zergling x2  
  114  20:43  Zergling x8  
  104  20:54  Baneling x4  
  88  21:20  Baneling x3  
  88  21:24  Baneling  
  84  21:44  Baneling x4  
  84  21:55  Zergling x4  
  84  21:58  Baneling x3  
Show
View Real Time Build Order
Export as new Build Order

liquidthermy Terran - Winner!

Build Orders:  

Get SALT Encoding   

  12  0:01  SCV  
  13  0:13  SCV  
  14  0:21  Supply Depot  
  14  0:25  SCV  
  15  0:42  SCV  
  16  0:43  Barracks  
  16  0:46  Refinery  
  16  0:54  SCV  
  17  1:02  Barracks  
  17  1:06  SCV  
  18  1:19  SCV  
  19  1:30  Reaper  
  19  1:31  Orbital Command  
  20  1:37  Barracks  
  20  1:44  Refinery  
  20  1:49  Reaper  
  21  1:56  Supply Depot  
  21  1:59  SCV  
  22  2:05  Reaper  
  23  2:17  SCV  
  23  2:18  Supply Depot  
  23  2:21  Reaper  
  25  2:25  Reaper  
  27  2:30  SCV  
  27  2:37  Reaper  
  27  2:42  SCV  
  29  2:53  Reaper  
  29  2:54  SCV  
  29  2:57  Reaper  
  32  3:03  Command Center  
  32  3:09  SCV  
  32  3:10  Reaper  
  34  3:20  Supply Depot  
  34  3:21  SCV  
  34  3:25  Reaper  
  36  3:29  Reaper  
  37  3:34  Barracks  
  37  3:39  Barracks  
  37  3:44  Reaper  
  37  3:48  SCV  
  39  3:57  Reaper  
  39  4:00  SCV  
  39  4:01  Reaper  
  42  4:04  Refinery  
  42  4:08  Refinery  
  42  4:12  SCV  
  42  4:16  Orbital Command, Reaper  
  44  4:22  Reaper  
  45  4:24  SCV  
  45  4:29  Reaper  
  47  4:33  Reaper  
  47  4:35  Reaper  
  47  4:36  SCV  
  50  4:42  SCV  
  51  4:48  SCV, Reaper  
  53  4:53  Supply Depot  
  53  4:54  SCV, Reaper  
  55  5:00  SCV  
  55  5:02  Reaper  
  55  5:06  SCV, Reaper  
  60  5:07  Reaper  
  60  5:13  SCV, Supply Depot  
  61  5:18  SCV  
  61  5:20  Reaper  
  63  5:25  SCV  
  63  5:26  Reaper  
  63  5:27  Engineering Bay  
  65  5:29  Engineering Bay  
  65  5:30  SCV  
  65  5:34  Reaper  
  67  5:37  SCV  
  67  5:38  Reaper  
  67  5:39  Factory, Reaper  
  67  5:42  SCV, Supply Depot  
  71  5:49  SCV  
  72  5:54  SCV, Reaper  
  74  5:59  Terran Infantry Armor Level 1, Terran Infantry Weapons Level 1  
  74  6:01  SCV  
  76  6:06  SCV, Reaper  
  76  6:07  Barracks Tech Lab  
  77  6:13  SCV  
  77  6:17  Marine x2  
  80  6:18  SCV  
  80  6:25  SCV, Marine  
  82  6:31  SCV  
  75  6:34  Marine  
  75  6:37  SCV  
  75  6:38  Marine  
  74  6:40  Marine  
  74  6:43  SCV  
  74  6:46  Marine  
  77  6:49  SCV  
  77  6:53  Marine  
  77  6:55  SCV  
  77  7:01  SCV  
  77  7:07  SCV  
  72  7:13  SCV  
  72  7:14  Factory Reactor  
  72  7:15  Combat Shields, Starport  
  71  7:17  Barracks Reactor x3  
  71  7:18  Barracks Reactor  
  71  7:19  SCV, Armory  
  72  7:23  Marine, Command Center  
  73  7:37  Barracks x2  
  73  7:38  Barracks  
  73  7:39  Supply Depot  
  73  7:41  Marine  
  74  7:48  Supply Depot  
  74  7:55  Marine x8  
  82  7:58  Factory Reactor  
  82  7:59  Marine  
  82  8:00  Medivac  
  82  8:01  Medivac  
  87  8:12  Marine, Supply Depot  
  87  8:13  Marine x2, Supply Depot  
  87  8:16  Terran Infantry Weapons Level 2  
  90  8:21  Terran Infantry Armor Level 2  
  90  8:22  Marine  
  90  8:26  Barracks Tech Lab x3  
  91  8:29  Marine  
  92  8:34  Medivac x2  
  92  8:39  Marine x2  
  92  8:40  Marine x2  
  94  8:42  Marine x3  
  94  8:43  Widow Mine  
  94  8:46  Marine x2  
  101  8:53  Widow Mine  
  101  8:54  Marauder, Marine x2  
  107  8:58  Supply Depot  
  107  9:03  Orbital Command  
  107  9:04  Marine x2  
  107  9:05  Marauder  
  107  9:06  Marine  
  112  9:10  Marine  
  112  9:11  Marine, Missile Turret  
  112  9:12  Marine  
  112  9:16  Widow Mine  
  114  9:20  Marine x2  
  114  9:21  Marine, Supply Depot x2  
  114  9:22  Marine, Widow Mine  
  122  9:26  Medivac x2  
  122  9:27  Marine  
  127  9:36  Stimpack, Marine x2, Concussive Shells  
  127  9:37  Marauder x2  
  132  9:38  Marine x2  
  132  9:39  Marine  
  132  9:40  Marine  
  132  9:44  Missile Turret  
  136  9:48  Unknown  
  136  9:49  Marine x2  
  136  9:50  Marauder x2  
  142  9:54  Marine x2  
  142  9:55  Widow Mine  
  142  9:56  Widow Mine  
  142  9:58  Marauder  
  150  10:01  Supply Depot  
  150  10:03  Marine  
  150  10:04  Supply Depot  
  150  10:06  Marauder, Marine x3  
  156  10:11  Medivac  
  156  10:13  Medivac  
  157  10:23  Marauder x2, Marine x3, Supply Depot  
  164  10:33  Marauder, Marine x2  
  164  10:34  Marauder  
  170  10:39  Marine  
  170  10:40  Marine  
  170  10:41  Terran Infantry Weapons Level 3  
  172  10:46  Marine  
  172  10:47  Marauder, Marine, Supply Depot  
  172  10:48  Medivac  
  178  10:50  Marine  
  178  10:52  Marine  
  178  10:55  Marauder, Marine  
  183  10:58  Marine  
  183  10:59  Marauder  
  183  11:02  Marine  
  183  11:03  Marauder  
  189  11:13  Marine, Terran Infantry Armor Level 3  
  189  11:14  Marauder, Marine  
  193  11:18  Marine  
  193  11:19  Marauder  
  193  11:20  Marine  
  193  11:23  Marine x2  
  196  11:28  Marine  
  192  11:51  Supply Depot  
  192  11:53  Supply Depot x2  
  181  12:01  Marine x2  
  181  12:03  Marauder, Marine x2  
  181  12:04  Marine x2  
  181  12:05  Marauder  
  181  12:07  Marine x2  
  173  12:09  Marine  
  173  12:13  Marauder, Widow Mine  
  173  12:19  Marine x2  
  173  12:20  Marine x2  
  173  12:22  Marine  
  173  12:24  Marine  
  173  12:25  Marine  
  123  12:41  Marine  
  123  12:42  Marine x4  
  120  12:48  Marine  
  120  12:49  Marine  
  120  12:50  Medivac  
  122  12:52  Orbital Command  
  122  12:59  Medivac  
  116  13:07  Marine  
  116  13:08  Marine  
  116  13:09  Marine x2  
  116  13:11  Marine  
  112  13:12  Marine  
  113  13:21  Medivac  
  113  13:22  Marine  
  116  13:27  Marine  
  116  13:33  Marine  
  116  13:34  Marauder  
  119  13:35  Medivac  
  119  13:44  Marauder, Marine x3  
  119  13:46  Marine  
  125  13:49  Marine  
  126  13:58  Marauder, Marine x2  
  130  14:03  Marine  
  130  14:09  Marauder, Marine x2  
  133  14:11  Marine  
  128  14:21  Marauder  
  130  14:24  Marine  
  130  14:27  Marine  
  130  14:33  Marine  
  131  14:43  Marine  
  132  14:48  Marine  
  132  14:51  Marine  
  134  15:05  Missile Turret  
  133  15:09  Marauder, Marine  
  133  15:11  Orbital Command  
  133  15:12  Marine  
  137  15:15  Marine  
  138  15:28  Supply Depot  
  138  15:29  Supply Depot  
  138  15:41  Marine  
  138  15:42  Marauder  
  141  15:50  Marine x3  
  144  15:59  Sensor Tower  
  144  16:01  Marine x2  
  144  16:02  Marauder  
  148  16:06  Marine x2  
  148  16:09  Marine x2  
  152  16:12  Marine  
  152  16:17  Marine  
  152  16:18  Marauder  
  156  16:24  Marine  
  157  16:25  Supply Depot  
  157  16:28  Supply Depot  
  157  16:46  Marine x6  
  165  16:47  Marauder x3  
  165  16:48  Marine  
  165  16:51  Marine  
  170  17:04  Marine x4  
  176  17:08  Marauder  
  176  17:10  Marauder, Marine  
  176  17:12  Marine  
  176  17:15  Marine, Supply Depot  
  179  17:18  Marine  
  181  17:36  Marine x4  
  186  17:37  Marauder  
  186  17:38  Marine  
  186  17:39  Marauder  
  186  17:40  Supply Depot  
  189  17:45  Marine  
  189  17:51  Medivac  
  188  17:54  Marauder  
  188  17:55  Marine, Medivac  
  188  17:56  Marauder  
  187  18:01  Marauder, Marine  
  181  18:11  Marine  
  176  18:17  Marauder, Marine x2  
  174  18:21  Medivac  
  174  18:22  Marine  
  174  18:25  Marine, Medivac  
  174  18:26  Marine  
  178  18:41  Marauder, Marine x2  
  178  18:42  Marauder  
  178  18:45  Marine  
  184  18:51  Marine, Medivac  
  184  18:54  Marauder, Marine  
  184  18:55  Medivac  
  192  19:01  Marine  
  192  19:02  Marauder  
  190  19:05  Marine x3  
  192  19:13  Marine  
  192  19:14  Marauder  
  189  19:18  Marine x2  
  189  19:21  Medivac  
  190  19:26  Marine  
  190  19:31  Marine  
  179  19:42  Marauder, Marine  
  181  19:46  Marine  
  181  19:51  Marine  
  181  19:52  Marine  
  184  19:55  Marine  
  184  19:58  Marine  
  184  20:01  Marine  
  184  20:02  Marine x2  
  184  20:06  Marine x2  
  186  20:12  Marine x2  
  188  20:18  Marine  
  188  20:19  Marauder  
  188  20:20  Marine  
  182  20:25  Marine  
  182  20:26  Marine  
  180  20:37  Medivac  
  180  20:40  Marine  
  147  20:51  Medivac  
  147  20:52  Marine  
  147  20:56  Marine  
  150  21:00  Marine  
  151  21:07  Marine  
  152  21:15  Marine  
  152  21:17  Orbital Command  
  153  21:23  Marine x2  
  155  21:27  Marine  
  155  21:32  Marine  
  157  21:39  Marine  
  158  21:41  Marine  
  158  21:45  Marine  
  160  21:55  Marine  
Tags
 
Add a new tag
Caveats
  • Supply blocks, unpowered buildings, or Contaminate may cause inaccurate times.
  • Supply counts are checked every 10 seconds.